 Dungeon Crawl Stone Soup version bcrawl-1.36.2 (webtiles) character file.

Game seed: 1774591712115473729

163509 Morbidden the Sneak (level 5, -1/31 HPs)
             Began as a Vine Stalker Archaeologist on May 20, 2022.
             Slain by Grinder (3 damage)
             ... on level 3 of the Dungeon.
             The game lasted 00:03:13 (1873 turns).

Morbidden the Sneak (Vine Stalker Archaeologist)    Turns: 1873, Time: 00:03:14

Health: -1/31      AC:  6    Str: 13    XL:     5   Next: 20%
Magic:  7/7        EV: 14    Int: 20    God:
Gold:   204        SH:  0    Dex: 14    Spells: 6/6 levels left

rFire    . . .     SeeInvis +   a - +0 dagger
rCold    . . .     Gourm    .   (no shield)
rNeg     + . .     Faith    .   c - +1 robe
rPois    .         Spirit   .   d - +1 hat
rElec    .         Reflect  .   (no cloak)
rCorr    +                      (no gloves)
MR       .....                  p - +1 pair of boots
Stlth    +++.......             h - amulet "Ushruqiro" {Acrobat rN+ SInv}
HPRegen  0.50/turn              j - ring of resist corrosion
MPRegen  0.10/turn              n - +6 ring of intelligence

@: no status effects
A: fangs 2, regeneration 1, no potion heal 3, rot immunity, strong jaws
a: no special abilities


You were on level 3 of the Dungeon.
You were hungry.

You visited 1 branch of the dungeon, and saw 3 of its levels.

You collected 204 gold pieces.

Inventory:

Hand Weapons
 a - a +0 dagger (weapon)
 b - a +0 blowgun
Missiles
 f - 6 curare-tipped needles
 l - 2 poisoned needles
Armour
 c - a +1 robe (worn)
 d - a +1 hat (worn)
 p - a +1 pair of boots (worn)
Jewellery
 h - the amulet "Ushruqiro" (around neck) {Acrobat rN+ SInv}
   (You acquired it on level 2 of the Dungeon)

   [amulet of the acrobat]

   It helps you evade while moving and waiting.
   It protects you from negative energy.
   It lets you see invisible.
 j - a ring of resist corrosion (left hand)
 n - a +6 ring of intelligence (right hand)
Scrolls
 g - a scroll of magic mapping
 i - 2 scrolls of identify
 o - a scroll of remove curse {unknown}
 q - a scroll of noise {unknown}
Potions
 m - a potion of flight {unknown}
Comestibles
 e - 6 rations {!d}


   Skills:
 * Level 2.7 Fighting
 * Level 0.9 Short Blades
   Level 0.8 Maces & Flails
 * Level 4.3 Dodging
 + Level 5.0 Stealth
 + Level 0.5 Unarmed Combat
 * Level 1.1 Spellcasting


You had 6 spell levels left.
You didn't know any spells.
Your spell library was empty.

Dungeon Overview and Level Annotations

Branches:
Dungeon (3/12)

Altars:

Annotations:
D:3 Grinder, Jessica


Innate Abilities, Weirdness & Mutations

You have extremely sharp teeth.
Your natural rate of healing is unusually fast.
Potions cannot restore your health.
You are immune to rotting.
Your bites deal extra damage.


Message History

You hit the leopard gecko.
You kill the leopard gecko!
Grinder gestures at you.
You suddenly lose the ability to move!
Jessica casts a spell.
Jessica blinks!
Jessica hits you. Grinder hits you.
You writhe in agony.
* * * LOW HITPOINT WARNING * * *
You can move again.
You see here a leopard gecko corpse.
You hit Jessica.
Jessica is severely wounded.
Jessica misses you. Grinder hits you but does no damage.
Jessica closely misses you.
You barely miss Jessica.
Jessica is severely wounded.
Grinder hits you!
* * * LOW HITPOINT WARNING * * *
You writhe in agony.
You die...

..............#...
..................
..................
..................
...............###
.................
######.######.#.#
#5# .#.# #@# # #@#
#.# #.# #.# #.#
#.. ###


You could see Grinder and Jessica.

Vanquished Creatures
  A howler monkey (D:2)
  A worker ant (D:2)
  An adder (D:2)
  3 worms
  2 dart slugs (D:1)
  3 leopard geckos
  3 giant cockroaches
  7 goblins
  7 hobgoblins
  A jackal (D:2)
  2 quokkas (D:2)
  5 bats
  4 frilled lizards
  6 kobolds
  5 rats
51 creatures vanquished.

Notes
Turn   | Place    | Note
-------+----------+-------------------------------------------
     0 | D:1      | Morbidden the Vine Stalker Archaeologist began the quest
                  | for the Orb.
     0 | D:1      | Reached XP level 1. HP: 11/11 MP: 2/2
   114 | D:1      | Reached XP level 2. HP: 16/16 MP: 3/3
   217 | D:1      | Reached skill level 1 in Fighting
   448 | D:1      | Reached XP level 3. HP: 20/20 MP: 4/4
  1273 | D:2      | Reached skill level 5 in Stealth
  1273 | D:2      | Reached XP level 4. HP: 27/27 MP: 4/6
  1430 | D:2      | Reached skill level 1 in Spellcasting
  1493 | D:2      | Reached XP level 5. HP: 30/31 MP: 7/7
  1493 | D:2      | Identified a scroll of acquirement
  1493 | D:2      | Identified the -4 helmet of the Invisible Hells {rPois}
                  | (You acquired it on level 2 of the Dungeon)
  1493 | D:2      | Identified the amulet "Ushruqiro" {Acrobat rN+ SInv} (You
                  | acquired it on level 2 of the Dungeon)
  1840 | D:3      | Noticed Jessica
  1843 | D:3      | Noticed Grinder
  1852 | D:3      | Paralysed by Grinder for 3 turns
  1870 | D:3      | Paralysed by Grinder for 2 turns
  1873 | D:3      | Slain by Grinder

Skill      XL: |  1  2  3  4 |
---------------+-------------+-----
Fighting       | 1 2 |  2.7
Dodging        | 4 |  4.3
Stealth        | 5 |  5.0
Spellcasting   | 1 |  1.1
Short Blades   | |  0.9
Maces & Flails | |  0.8
Unarmed Combat | |  0.5

Action                   |  1- 3 |  4- 6 || total
-------------------------+-------+-------++-------
Melee: Unarmed           |    97 |       ||    97
       Bite              |    16 |    10 ||    26
       Dagger            |    49 |    91 ||   140
       Punch             |     1 |       ||     1
 Fire: Blowgun           |    90 |       ||    90
  Use: Scroll            |     1 |     1 ||     2
 Stab: Sleeping          |     3 |     4 ||     7
  Eat: Chunk             |     7 |     4 ||    11
Armor: Robe              |    64 |    21 ||    85
Dodge: Dodged            |   188 |    54 ||   242
